 Dungeon Crawl Stone Soup version 0.22-a0-292-g0df9d5f (webtiles) character file.

1 Amnesiac the Magician (level 1, 0/10 HPs)
             Began as a Tengu Wizard on Mar 23, 2018.
             Slain by a bat (1 damage)
             ... on level 1 of the Dungeon.
             The game lasted 00:00:09 (28 turns).

Amnesiac the Magician (Tengu Wizard)                  Turns: 28, Time: 00:00:10

Health: 0/10       AC:  2    Str:  7    XL:     1   Next: 20%
Magic:  1/5        EV: 12    Int: 18    God:
Gold:   0          SH:  0    Dex: 12    Spells: 5/6 levels left

rFire    . . .     SeeInvis .   (no weapon)
rCold    . . .     Gourm    .   (no shield)
rNeg     . . .     Faith    .   a - +0 robe
rPois    .         Spirit   .   b - +0 hat
rElec    .         Reflect  .   (no cloak)
rCorr    .         Harm     .   (no gloves)
MR       .....                  (boots unavailable)
Stlth    ++........             (no amulet)
HPRegen  0.03/turn              (no ring)
MPRegen  0.09/turn              (no ring)

@: no status effects
A: beak, talons 3
a: no special abilities


You were on level 1 of the Dungeon.
You were not hungry.

You visited 1 branch of the dungeon, and saw 1 of its levels.

Inventory:

Armour
 a - a +0 robe (worn)
 b - a +0 hat (worn)
Comestibles
 d - a ration


   Skills:
 - Level 2.1 Dodging
 - Level 2.0 Stealth
 - Level 3.0 Spellcasting
 + Level 1.7 Conjurations
   Level 1.2 Summonings
   Level 0.7 Translocations


You had 5 spell levels left.
You knew the following spells:

 Your Spells              Type           Power        Failure   Level  Hunger
a - Magic Dart            Conj           #...         9%          1    None


Dungeon Overview and Level Annotations

Branches:
Dungeon (1/15)

Altars:


Innate Abilities, Weirdness & Mutations

You have a beak for a mouth.
You have claws for feet.


Message History

The ball python bites you but does no damage.
The ball python constricts you. The bat barely misses you.
Casting: Magic Dart (safe; 9% risk of failure)
Confirm with . or Enter, or press ? or * to list all spells.
You don't have enough magic to cast that spell.
You escape the ball python's grasp.
The bat hits you but does no damage.
The bat closely misses you. x2; The bat misses you.
The bat hits you but does no damage. The ball python misses you.
The ball python grabs you.
* * * LOW HITPOINT WARNING * * *
The ball python constricts you.
Casting: Magic Dart (safe; 9% risk of failure)
Confirm with . or Enter, or press ? or * to list all spells.
Aiming: Magic Dart (safe; 9% risk of failure)
Press: ? - help, Shift-Dir - straight line, f/p - bat
Aim: a bat The magic dart hits the bat.
The bat is severely wounded.
The bat hits you but does no damage. The bat closely misses you.
The bat hits you but does no damage. The bat barely misses you.
The ball python bites you but does no damage.
The ball python constricts you. The bat completely misses you.
The bat hits you.
* * * LOW HITPOINT WARNING * * *
Casting: Magic Dart (safe; 9% risk of failure)
Confirm with . or Enter, or press ? or * to list all spells.
You don't have enough magic to cast that spell.
You escape the ball python's grasp.
The bat barely misses you. x2
The bat closely misses you.
Casting: Magic Dart (safe; 9% risk of failure)
Confirm with . or Enter, or press ? or * to list all spells.
You don't have enough magic to cast that spell.
The bat barely misses you. The bat closely misses you. x2
Casting: Magic Dart (safe; 9% risk of failure)
Confirm with . or Enter, or press ? or * to list all spells.
You don't have enough magic to cast that spell.
The bat hits you.
* * * LOW HITPOINT WARNING * * *
The bat closely misses you. x2
Casting: Magic Dart (safe; 9% risk of failure)
Confirm with . or Enter, or press ? or * to list all spells.
You don't have enough magic to cast that spell.
Casting: Magic Dart (safe; 9% risk of failure)
Confirm with . or Enter, or press ? or * to list all spells.
You don't have enough magic to cast that spell.
The bat misses you.
Casting: Magic Dart (safe; 9% risk of failure)
Confirm with . or Enter, or press ? or * to list all spells.
You don't have enough magic to cast that spell.
The bat closely misses you. x3
The bat hits you but does no damage. The bat misses you.
The bat closely misses you. The bat barely misses you. x2
The bat barely misses you. The bat hits you but does no damage. x2
The bat misses you. The bat misses you. The bat hits you.
* * * LOW HITPOINT WARNING * * *
The bat closely misses you.
Found a leather armour.
The bat barely misses you. The bat misses you. The bat barely misses you.
The bat closely misses you. The bat hits you.
You die...

## ..# # #.#.#
#.#. #### ...
. ....####.#
..
#....#.####.#.
#.##.
#@.......# ...
#.b####.#
#.###bb#
.#####....###
........###
#######.##
#...# #...# ##
#...# ...


You could see 3 bats.

Vanquished Creatures
  A goblin (D:1)
1 creature vanquished.

Notes
Turn   | Place    | Note
-------+----------+-------------------------------------------
     0 | D:1      | Amnesiac the Tengu Wizard began the quest for the Orb.
     0 | D:1      | Reached XP level 1. HP: 10/10 MP: 5/5
    28 | D:1      | Slain by a bat

Vault maps used:
D:1:      minmay_arrival_semitransparent, minivault_25

Action                   || total
-------------------------++-------
Melee: Unarmed           ||     1
 Cast: Magic Dart        ||     6
Armor: Robe              ||    12
Dodge: Dodged            ||    49

Table legend:
 A = Spawn XP
 B = Non-spawn XP
 C = Spawn XP percentage of total XP
 D = Spawn monster count
 E = Non-spawn monster count
 F = Spawn count percentage of total count
 G = Total turns spent on level
                    A         B        C        D         E        F      G
               +---------+---------+-------+---------+---------+-------+---------
         Total |       0 |       2 |   0.0 |       0 |       1 |   0.0 |    28
               +---------+---------+-------+---------+---------+-------+---------
           D:1 |       0 |       2 |   0.0 |       0 |       1 |   0.0 |    28
               +---------+---------+-------+---------+---------+-------+---------
